 Dungeon Crawl Stone Soup version 0.30-a0-782-ge64f9170bb (webtiles) character file.

Game seed: 18437240585276493054

1607 Leeroy the Carver (level 8, 0/38 HPs)
             Began as a Vine Stalker Warper on Feb 21, 2023.
             Was a Follower of Wu Jian.
             Killed by divine providence
             ... invoked by an orc priest
              (3 damage)
             ... on level 7 of the Dungeon.
             The game lasted 00:09:15 (5299 turns).

Leeroy the Carver (Vine Stalker Warper)             Turns: 5299, Time: 00:09:15

Health: 0/38       AC: 17    Str: 13    XL:     8   Next: 95%
Magic:  0/12       EV:  9    Int: 13    God:    Wu Jian [*.....]
Gold:   410        SH:  0    Dex: 17    Spells: 6/11 levels left

rFire   + + .      SeeInvis +    y - +3 short sword (protect)
rCold   + . .      Faith    .    (no shield)
rNeg    . . .      Spirit   +    q - +3 scale mail {rF+}
rPois   .          Reflect  .    t - +0 helmet {SInv}
rElec   .          Harm     .    L - scarf {rC+ rF+}
rCorr   .          Rampage  .    (no gloves)
Will    +....                    (no boots) Stlth
                                 (no amulet)
HPRegen 1.06/turn                (no ring)
MPRegen 0.13/turn                (no ring)

@: under a protective aura
A: fangs 3, regeneration 1, magic shield, antimagic bite, no potion heal 2
a: Renounce Religion


You were on level 7 of the Dungeon.
You worshipped Wu Jian.
Wu Jian was aware of your devotion.
You visited 2 branches of the dungeon, and saw 8 of its levels.

You collected 410 gold pieces.

Inventory:

Hand Weapons
 a - a +0 falchion
 f - a +2 short sword of protection
 r - a +0 long sword
 s - a +2 dagger of freezing
 u - a +2 dagger of speed
 y - a +3 short sword of protection (weapon)
 J - the +4 short sword of Barnacled Exoneration {antimagic, rC+ rN+ Will++}
   (You found it on level 6 of the Dungeon)

   rC:        It protects you from cold.
   rN:        It protects you from negative energy.
   Will:      It greatly increases your willpower.
 O - a +2 short sword of speed
Missiles
 d - 7 boomerangs of dispersal (quivered)
 i - 6 boomerangs
 w - 7 poisoned darts
Armour
 b - a +0 leather armour
 o - a +2 ring mail of fire resistance
 q - a +3 scale mail of fire resistance (worn)
 t - a +0 helmet of see invisible (worn)
 D - a +0 cloak
 L - a scarf of resistance (worn)
 P - a +3 leather armour of fire resistance
Wands
 z - a wand of mindburst (14)
 C - a wand of charming (20)
 E - a wand of flame (12)
Scrolls
 c - 2 scrolls of blinking
 e - 3 scrolls of teleportation {unknown}
 j - 2 scrolls of fear {unknown}
 l - a scroll of identify {unknown}
 p - 2 scrolls of amnesia {unknown}
 v - a scroll of magic mapping {unknown}
 B - a scroll of enchant armour {unknown}
 G - a scroll of noise {unknown}
 I - 2 scrolls of enchant weapon {unknown}
Potions
 g - a potion of ambrosia {unknown}
 h - 3 potions of heal wounds {unknown}
 k - 2 potions of lignification {unknown}
 m - 2 potions of might {unknown}
 n - 3 potions of cancellation {unknown}
 x - 7 potions of curing
 A - a potion of attraction {unknown}
 F - a potion of invisibility {unknown}
 H - a potion of mutation {unknown}
 K - a potion of resistance {unknown}
 M - a potion of berserk rage {unknown}
 N - a potion of magic {unknown}


   Skills:
 - Level 1.7 Fighting
 + Level 10.2 Long Blades
 - Level 0.8 Throwing
 - Level 0.7 Armour
 - Level 1.5 Dodging
 - Level 2.1 Spellcasting
 - Level 3.0 Translocations


You had 6 spell levels left.
You knew the following spells:

 Your Spells              Type           Power      Damage    Failure   Level
a - Blink                 Tloc           18%        N/A       47%         2
b - Vhi's Electric Charg  Tloc/Air       10%        N/A       89%         3

Your spell library contained the following spells:

 Spells                   Type           Power      Damage    Failure   Level
 Lesser Beckoning         Tloc           18%        N/A       47%         2
 Gell's Gravitas          Tloc           9%         N/A       71%         3
 Teleport Other           Tloc           9%         N/A       71%         3
 Hailstorm                Conj/Ice       1%         3d3       98%         3
 Manifold Assault         Tloc           9%         N/A       98%         4
 Passage of Golubria      Tloc           9%         N/A       98%         4
 Animate Dead             Necr           1%         N/A       100%        4
 Dispel Undead            Necr           1%         3d6       100%        4
 Ice Form                 Ice/Tmut       1%         N/A       100%        4
 Petrify                  Tmut/Erth      1%         N/A       100%        4
 Simulacrum               Ice/Necr       0%         N/A       100%        6
 Haunt                    Necr/Summ      0%         N/A       100%        7
 Storm Form               Tmut/Air       0%         N/A       100%        7


Dungeon Overview and Level Annotations

Branches:
Dungeon (7/15)             Temple (1/1) D:4

Altars:
Cheibriados
Elyvilon
Fedhas
Gozag
Hepliaklqana
Kikubaaqudgha
Makhleb
Nemelex Xobeh
Okawaru
Qazlal
Ru
Sif Muna
Uskayaw
Vehumet
Wu Jian
Xom
Zin
The Shining One


Innate Abilities, Weirdness & Mutations

You have razor-sharp teeth.
Your natural rate of healing is unusually fast.
When hurt, damage is shared between your health and your magic reserves.
Your bite disrupts and absorbs the magic of your enemies.
Potions cannot restore your health.


Message History

The orc hits you but does no damage.
You hit the orc but do no damage. You bite the orc, but do no damage.
You spin and attack the orc.
You hit the orc but do no damage. You bite the orc, but do no damage.
The orc hits you but does no damage.
The orc hits you from afar with a +0 trident!
* * * LOW HITPOINT WARNING * * *
Things that are here:
a +2 short sword of speed; a +3 leather armour of fire resistance; the elf corpse of Duvessa You hit the orc.
You bite the orc.
You kill the orc!
The Council accepts your kill.
The orc hits you from afar with a +0 trident.
* * * LOW HITPOINT WARNING * * *
You hit the orc but do no damage. You bite the orc. You drain its power.
You feel invigorated.
The orc is moderately wounded.
The orc hits you but does no damage. The orc barely misses you.
Okay, then.
You hit the orc but do no damage. Your bite misses the orc.
The orc is moderately wounded.
You hit the orc.
You kill the orc!
The Council accepts your kill. The orc barely misses you.
O - a +2 short sword of speed
P - a +3 leather armour of fire resistance The orc hits you from afar with a +0 trident.
* * * LOW HITPOINT WARNING * * *
The shadow imp hits you but does no damage.
You spin and attack the shadow imp.
You hit the shadow imp. You bite the shadow imp.
The shadow imp's magic leaks into the air.
You drain its magic.
You feel invigorated.
The shadow imp is heavily wounded.
The orc hits you from afar with a +0 trident.
* * * LOW HITPOINT WARNING * * *
The shadow imp barely misses you.
The orc priest calls down the wrath of Beogh upon you.
Beogh smites you!
You die...

.....
##.#..
..#o#
...# ..#
#.####5#
#.ooo..#
#.5###o#
#@5o#
#†#.#
#.#.#
#....
#.....
##.....
+......
#.......
#####.


You could see an orc priest, a shadow imp (magic disrupted) and an orc.

Vanquished Creatures
  Menkaure (D:7)
  Duvessa (D:7)
  A water moccasin (D:4)
  2 black bears
  2 phantoms (D:4)
  A scorpion (D:5)
  A gnoll sergeant (D:6)
  3 killer bees (D:5)
  4 hounds
  2 orc priests
  Crazy Yiuf (D:4)
  Ijyb (D:3)
  Terence (D:3)
  5 iguanas
  An orc wizard (D:6)
  Robin (D:3)
  9 gnolls
  7 adders
  A shadow imp (D:6)
  A white imp (D:5)
  An ufetubus (D:6)
  2 worms
  2 dart slugs
  12 orcs
  4 ball pythons
  5 endoplasms
  2 giant cockroaches (D:3)
  12 goblins
  9 hobgoblins
  3 quokkas
  4 bats
  4 frilled lizards
  7 kobolds
  2 rats
115 creatures vanquished.

Notes
Turn   | Place    | Note
-------+----------+-------------------------------------------
     0 | D:1      | Leeroy the Vine Stalker Warper began the quest for the Orb.
     0 | D:1      | Reached XP level 1. HP: 11/11 MP: 4/4
    75 | D:1      | Reached skill level 2 in Long Blades
   276 | D:1      | Reached XP level 2. HP: 15/15 MP: 6/6
   685 | D:2      | Reached skill level 3 in Long Blades
   685 | D:2      | Reached XP level 3. HP: 18/18 MP: 7/7
   770 | D:2      | Found a faded altar of an unknown god.
  1111 | D:2      | Gained mutation: Your natural rate of healing is unusually
                  | fast. [Vine Stalker growth]
  1111 | D:2      | Reached XP level 4. HP: 17/23 MP: 8/8
  1561 | D:3      | Noticed Ijyb
  1649 | D:3      | Killed Ijyb
  1650 | D:3      | Reached skill level 4 in Long Blades
  1719 | D:3      | Noticed Terence
  1799 | D:3      | Killed Terence
  1800 | D:3      | Reached XP level 5. HP: 24/26 MP: 7/9
  1946 | D:3      | Noticed Robin
  1957 | D:3      | Reached skill level 5 in Long Blades
  1978 | D:3      | Killed Robin
  2060 | D:3      | Learned a level 2 spell: Blink
  2064 | D:3      | Learned a level 3 spell: Vhi's Electric Charge
  2198 | D:3      | Found a blossoming altar of Fedhas.
  2335 | D:3      | Found a shimmering blue altar of Sif Muna.
  2509 | D:3      | Reached XP level 6. HP: 29/30 MP: 10/10
  2752 | D:4      | Reached skill level 6 in Long Blades
  2766 | D:4      | Got the Atlas of Clouds and Grit
  2776 | D:4      | Noticed a water moccasin
  2794 | D:4      | Killed a water moccasin
  2795 | D:4      | Reached XP level 7. HP: 34/34 MP: 11/11
  2862 | D:4      | Got Onac's Tome of Black Secrets and Translocation
  2958 | D:4      | Reached skill level 7 in Long Blades
  3039 | D:4      | Found a staircase to the Ecumenical Temple.
  3048 | Temple   | Entered the Ecumenical Temple
  3203 | Temple   | Became a worshipper of the Wu Jian Council
  3384 | D:4      | Found a runed translucent door.
  3385 | D:4      | Noticed Crazy Yiuf
  3551 | D:4      | Killed Crazy Yiuf
  3583 | D:5      | Entered Level 5 of the Dungeon
  3677 | D:5      | Reached skill level 8 in Long Blades
  3702 | D:5      | Gained mutation: You have razor-sharp teeth. [Vine Stalker
                  | growth]
  3702 | D:5      | Reached XP level 8. HP: 30/38 MP: 12/12
  4009 | D:5      | You fall into a shaft and drop 1 floor!
  4397 | D:6      | Identified the +4 short sword of Barnacled Exoneration
                  | {antimagic, rC+ rN+ Will++}
  4788 | D:6      | Reached * piety under Wu Jian
  4818 | D:6      | Reached skill level 9 in Long Blades
  5237 | D:7      | Noticed Menkaure
  5247 | D:7      | Noticed Duvessa
  5248 | D:7      | Killed Menkaure
  5250 | D:7      | Reached skill level 10 in Long Blades
  5291 | D:7      | Killed Duvessa
  5299 | D:7      | Killed from afar by an orc priest

Illustrated notes

Levels and vault maps discovered:
D:1:      minmay_arrival_semitransparent, layout_loops_ring
D:2:      layout_basic, shapermc_ecumenical_altar_totnotflames,
          chequers_serial_rivers_marsh
D:3:      minmay_angry_zag, layout_loops_cross, nicolae_overflow_squiral,
          uniq_robin, uniq_terence, uniq_ijyb
D:4:      layout_rooms, lemuel_temple_firewalk_b, uniq_crazy_yiuf_cottage
D:5:      layout_loops_ring, chequers_serial_rivers_small_3
D:6:      layout_gridville
D:7:      layout_basic, trog_hazing_becter, lemuel_tele_altar,
          nicolae_overflow_two_pavilions, uniq_menkaure, uniq_duvessa
Temple:   nicolae_temple_elliptical

Skill      XL: |  1  2  3  4  5  6  7  8 |
---------------+-------------------------+-----
Long Blades    | 2 3 4 5 6 8 10 | 10.2
Fighting       | |  1.7
Throwing       | |  0.8
Armour         | |  0.7
Dodging        | |  1.5
Spellcasting   | |  2.1
Translocations | |  3.0

Action                     |  1- 3 |  4- 6 |  7- 9 || total
---------------------------+-------+-------+-------++-------
  Melee: Falchion          |    16 |       |       ||    16
         Bite              |    13 |    98 |   100 ||   211
         Short sword       |    58 |   166 |    40 ||   264
         Punch             |     1 |     4 |     5 ||    10
         Long sword        |       |    45 |    16 ||    61
         Dagger            |       |   116 |   264 ||   380
Ability: Lunge             |       |       |    10 ||    10
         Whirlwind         |       |       |     6 ||     6
   Stab: Sleeping          |     1 |       |       ||     1
 Armour: Leather armour    |    27 |    26 |       ||    53
         Ring mail         |       |    32 |       ||    32
         Scale mail        |       |    80 |   104 ||   184
  Dodge: Dodged            |    49 |   130 |    95 ||   274

Table legend: (Time is in decaauts)
 A = Elapsed time spent in this place.
 B = Non-inter-level travel time spent in this place.
 C = Inter-level travel time spent in this place.
 D = Time resting spent in this place.
 E = Time spent auto-exploring this place.
 F = Levels seen in this place.
 G = Mean time per level.
                   A        B        C        D        E       F      G
               +--------+--------+--------+--------+--------+-----+--------+
         Total |   5087 |   4879 |    208 |     10 |   3878 |   8 |  635.9 |
       Dungeon |   4908 |   4743 |    165 |     10 |   3759 |   7 |  701.1 |
        Temple |    178 |    135 |     43 |      0 |    119 |   1 |  178.0 |
               +--------+--------+--------+--------+--------+-----+--------+

Top non-repeatable levels by time:
     D:3: 1095 daAuts
     D:2: 876 daAuts
     D:6: 842 daAuts
     D:5: 707 daAuts
     D:4: 672 daAuts
     D:1: 660 daAuts
  Temple: 178 daAuts
     D:7: 53 daAuts
